 Dungeon Crawl Stone Soup version 0.26.1-2-gb8aa6d0cf2 (webtiles) character file.

Game seed: 5973533294241886292

1601 DearestLeader the Frost Mage (level 8, -3/60 HPs)
             Began as a Merfolk Ice Elementalist on Mar 4, 2021.
             Was a Follower of Vehumet.
             Slain by Joseph
             ... wielding a +0 quarterstaff
              (10 damage)
             ... on level 7 of the Dungeon.
             The game lasted 00:12:47 (8931 turns).

DearestLeader the Frost Mage (MfIE)                 Turns: 8931, Time: 00:12:47

Health: -3/60      AC:  5    Str:  9    XL:     8   Next: 94%
Magic:  11/11      EV: 13    Int: 29    God:    Vehumet [*.....]
Gold:   461        SH:  0    Dex: 14    Spells: 0/11 levels left

rFire    . . .     SeeInvis .   G - +9 rapier of Qaij {flame, Int+7}
rCold    . . .     Faith    .   (no shield)
rNeg     . . .     Spirit   .   a - +0 robe
rPois    +         Reflect  .   (no helmet)
rElec    .         Harm     .   F - +2 cloak
rCorr    .         Rampage  .   (no gloves)
Will     .....                  (no boots)
Stlth    ++........             H - amulet of magic regeneration
HPRegen  0.20/turn              l - ring of poison resistance
MPRegen  0.37/turn              q - +6 ring of intelligence

@: frozen ramparts
A: change form in water, swift swim, stealthy swim
a: Renounce Religion


You were on level 7 of the Dungeon.
You worshipped Vehumet.
Vehumet was aware of your devotion.
You visited 1 branch of the dungeon, and saw 7 of its levels.
You also visited: Ossuary.

You collected 461 gold pieces.

Inventory:

Hand Weapons
 A - a +0 scythe
 G - the +9 rapier of Qaij (weapon) {flame, Int+7}
   (You found it on level 6 of the Dungeon)

   It has been specially enchanted to burn those struck by it, causing extra
   injury to most foes and up to half again as much damage against particularly
   susceptible opponents.
   It affects your intelligence (+7).
Armour
 a - a +0 robe (worn)
 F - a +2 cloak (worn)
Jewellery
 l - a ring of poison resistance (left hand)
 q - a +6 ring of intelligence (right hand)
 H - an amulet of magic regeneration (around neck)
Wands
 y - a wand of polymorph (9)
 B - a wand of random effects (19)
 C - a wand of iceblast (4)
 E - a wand of disintegration (9)
Scrolls
 b - 3 scrolls of identify
 e - 3 scrolls of blinking
 h - a scroll of magic mapping
 i - 4 scrolls of teleportation
 j - a scroll of enchant armour {unknown}
 n - a scroll of fear
 o - 2 scrolls of immolation
 p - a scroll of remove curse
 t - a scroll of amnesia {unknown}
 w - a scroll of random uselessness {unknown}
Potions
 c - 3 potions of heal wounds
 d - 4 potions of might
 f - 4 potions of haste
 g - 3 potions of invisibility {unknown}
 k - a potion of berserk rage {unknown}
 m - 2 potions of degeneration {unknown}
 r - 6 potions of attraction {unknown}
 u - a potion of magic {unknown}
 v - 6 potions of curing {unknown}
 x - 2 potions of brilliance {unknown}
 z - 3 potions of lignification {unknown}


   Skills:
 + Level 3.9 Fighting
 * Level 4.1 Short Blades
 - Level 5.2 Polearms
 - Level 2.6 Dodging
 - Level 2.1 Stealth
 - Level 2.0 Spellcasting
 + Level 10.5 Ice Magic


You couldn't memorise any spells.
You knew the following spells:

 Your Spells              Type           Power        Failure   Level
a - Freeze                Ice            100%         1%          1
b - Frozen Ramparts       Ice            100%         1%          3
c - Ozocubu's Armour      Ice            59%          1%          3
d - Summon Ice Beast      Ice/Summ       33%          10%         4

Your spell library contained the following spells:

 Spells                   Type           Power        Failure   Level
 Foxfire                  Conj/Fire      8%           9%          1
 Magic Dart               Conj           8%           9%          1
 Summon Small Mammal      Summ           8%           9%          1
 Hailstorm                Conj/Ice       33%          10%         4
 Call Imp                 Summ           2%           13%         2
 Searing Ray              Conj           4%           13%         2
 Call Canine Familiar     Summ           2%           26%         3
 Dazzling Flash           Conj/Hex       4%           26%         3
 Summon Guardian Golem    Hex/Summ       2%           26%         3
 Fulminant Prism          Conj/Hex       1%           63%         4
 Iskenderun's Mystic Bla  Conj/Tloc      2%           63%         4
 Summon Lightning Spire   Summ/Air       2%           63%         4


Dungeon Overview and Level Annotations

Branches:
Dungeon (7/15)             Temple (0/1) D:7         Ossuary (visited)

Altars:
Ashenzari
Elyvilon
Fedhas
Gozag
Hepliaklqana
Nemelex Xobeh
Vehumet
Zin

Annotations:
D:6 2 transporters, Paulthewizard's ghost, novice DEAE
D:7 Joseph


Message History

Joseph hits you with a +0 quarterstaff!
You puncture Joseph! You burn Joseph.
Joseph is heavily wounded.
The wall freezes Joseph.
Joseph hits you with a +0 quarterstaff.
You hit Joseph. You burn Joseph.
Joseph is severely wounded.
The wall freezes Joseph!
Joseph hits you with a +0 quarterstaff.
You hit Joseph. You burn Joseph.
Joseph is severely wounded.
The wall freezes Joseph.
Joseph completely misses you.
You closely miss Joseph.
Joseph is almost dead.
The wall freezes Joseph.
Joseph hits you with a +0 quarterstaff!
* * * LOW HITPOINT WARNING * * *
You hit Joseph but do no damage.
Joseph is almost dead.
The wall freezes Joseph!
Joseph shouts, "At last, some action!"
Joseph hits you with a +0 quarterstaff!
You die...

#....#.......###*,,,,,,,,,,**,,,
#.####....#### *..#**#.***,****,
#.# #.#### ##..#*...* *,* *,
##.####...### #...#....* *,* *,
......#.....## #..?#..,,***,* **
......#......###.....,,,**,,*****
##...##.###..##[.^.#******,,*,,,*
.#.####.#*#...#.o.(# ***,,,#...,
[#.## #..##...#@@..###*,,,,,#....
.8..# #.....((..........,,,,#....
....# ###################**##....
...8# #.................# #...).
....# #........###.#.#..# #....#
.8..# #####.[..# #......# ##.....
.#.## #...## #.#.#..# #...<.<
.#.# #..<# #.#.#..###...... ##.#
######...# #.#.#...)[......


You could see Joseph and an orc.

Vanquished Creatures
  Grinder (D:5)
  Sigmund (D:5)
  A sky beast (D:6)
  An ogre (D:5)
  A bullfrog (D:6)
  2 scorpions (D:5)
  A bullfrog zombie (D:6)
  A centaur skeleton (D:7)
  A centaur zombie (D:7)
  A hound (D:4)
  Crazy Yiuf (D:2)
  2 jellies
  2 orc priests (D:7)
  A bullfrog skeleton (D:4)
  2 orc wizards
  2 iguanas (D:5)
  5 worker ants
  A hound skeleton (D:6)
  6 mummies (Ossuary)
  12 adders
  2 shadow imps (D:5)
  3 ufetubi
  An adder skeleton (D:4)
  4 worms
  2 dart slugs
  8 leopard geckos
  19 orcs
  8 bats
  4 giant cockroaches
  A gnoll zombie (Ossuary)
  11 goblins
  6 hobgoblins
  10 jackals
  4 quokkas
  3 ball pythons
  7 frilled lizards
  A hobgoblin zombie (Ossuary)
  7 kobolds
  3 kobold zombies (Ossuary)
  6 rats
155 creatures vanquished.

Vanquished Creatures (collateral kills)
  2 mummies (Ossuary)
  3 kobold zombies (Ossuary)
5 creatures vanquished.

Vanquished Creatures (others)
  A fungus (D:2)
1 creature vanquished.

Grand Total: 161 creatures vanquished

Notes
Turn   | Place    | Note
-------+----------+-------------------------------------------
     0 | D:1      | DearestLeader the Merfolk Ice Elementalist began the quest
                  | for the Orb.
     0 | D:1      | Reached XP level 1. HP: 13/13 MP: 3/3
   252 | D:1      | Reached XP level 2. HP: 19/19 MP: 3/5
   440 | D:1      | Reached skill level 5 in Ice Magic
   920 | D:1      | Reached XP level 3. HP: 24/24 MP: 4/6
  1488 | D:2      | Reached skill level 6 in Ice Magic
  1488 | D:2      | Reached XP level 4. HP: 29/30 MP: 2/7
  1518 | D:2      | Learned a level 3 spell: Frozen Ramparts
  1522 | D:2      | Learned a level 3 spell: Ozocubu's Armour
  2179 | D:2      | Reached XP level 5. HP: 35/35 MP: 5/8
  2791 | D:2      | Found a runed translucent door.
  2792 | D:2      | Noticed Crazy Yiuf
  2799 | D:2      | Killed Crazy Yiuf
  2800 | D:2      | Reached skill level 7 in Ice Magic
  3006 | D:3      | You fall into a shaft and drop 1 floor!
  3358 | D:4      | Found a broken altar of Ashenzari.
  3391 | D:4      | Reached XP level 6. HP: 40/41 MP: 7/9
  3614 | D:3      | Reached skill level 8 in Ice Magic
  3804 | D:3      | Found a white marble altar of Elyvilon.
  3806 | D:3      | Found an opulent altar of Gozag.
  3812 | D:3      | Found a glowing silver altar of Zin.
  4835 | D:5      | Entered Level 5 of the Dungeon
  4921 | D:5      | Reached skill level 9 in Ice Magic
  4921 | D:5      | Reached XP level 7. HP: 38/46 MP: 3/10
  5096 | D:5      | Noticed Sigmund
  5105 | D:5      | Killed Sigmund
  5192 | D:5      | Found a hazy altar of Hepliaklqana.
  5192 | D:5      | Noticed Grinder
  5198 | D:5      | Paralysed by Grinder for 6 turns
  5205 | D:5      | Killed Grinder
  5206 | D:5      | Reached skill level 1 in Fighting
  5323 | D:5      | Reached XP level 8. HP: 39/55 MP: 11/11
  5426 | D:5      | Reached skill level 10 in Ice Magic
  5955 | D:5      | Found a blossoming altar of Fedhas.
  5955 | D:5      | Found a radiant altar of Vehumet.
  5979 | D:5      | Became a worshipper of Vehumet
  6822 | D:6      | Found a transporter.
  6827 | D:6      | Noticed Paulthewizard's ghost (novice DEAE)
  6828 | D:6      | Found a transporter.
  6830 | D:6      | Identified the +6 great mace of Ducwilixt {vorpal, rElec
                  | rPois rF-}
  6830 | D:6      | Noticed a two-headed ogre
  6893 | D:6      | Reached skill level 5 in Polearms
  7144 | D:6      | Got an ancient rapier
  7144 | D:6      | Identified the +9 rapier of Qaij {flame, Int+7} (You found
                  | it on level 6 of the Dungeon)
  7280 | D:6      | Reached skill level 1 in Short Blades
  7781 | D:6      | Found a broken altar of Ashenzari.
  7865 | D:6      | Found a sparkling altar of Nemelex Xobeh.
  8092 | D:7      | Found a sand-covered staircase.
  8101 | Ossuary  | Entered an ossuary
  8149 | Ossuary  | Learned a level 4 spell: Summon Ice Beast
  8375 | Ossuary  | Reached * piety under Vehumet
  8375 | Ossuary  | Offered knowledge of Foxfire by Vehumet.
  8910 | D:7      | Noticed Joseph
  8931 | D:7      | Slain by Joseph

Illustrated notes

Levels and vault maps discovered:
D:1:      dpeg_arrival_tiny_d, layout_basic
D:2:      layout_loops_corners, uniq_crazy_yiuf_cottage
D:3:      layout_basic, grunt_temple_overflow_open
D:4:      layout_cave_pools, evilmike_ruin_ashenzari
D:5:      layout_gridville, nzn_hepliaklqana_mist_gate,
          gammafunk_temple_overflow_statue, uniq_sigmund, uniq_grinder
D:6:      layout_loops_corners, marbit_many_paths, gammafunk_ghost_smash,
          nemelex_lonely_heart_becter
D:7:      minmay_recursive_quarters, layout_loops_ring, lemuel_round_altar,
          minmay_temple_entry_grid, nicolae_ossuary_entry_monument,
          ebering_ghost_inner_flame, uniq_joseph, uniq_prince_ribbit1

Skill      XL: |  1  2  3  4  5  6  7  8 |
---------------+-------------------------+-----
Ice Magic      | 5 6 7 9 10 | 10.5
Fighting       | 1 3 |  3.9
Polearms       | 3 5 |  5.2
Short Blades   | 4 |  4.1
Dodging        | |  2.6
Stealth        | |  2.1
Spellcasting   | |  2.0

Action                   |  1- 3 |  4- 6 |  7- 9 || total
-------------------------+-------+-------+-------++-------
Melee: Dagger            |    15 |       |       ||    15
       Whip              |     2 |    25 |       ||    27
       Quarterstaff      |       |   117 |    64 ||   181
       Rapier            |       |       |    83 ||    83
 Cast: Freeze            |    46 |    46 |    11 ||   103
       Frozen Ramparts   |       |     5 |     6 ||    11
       Ozocubu's Armour  |       |     2 |     2 ||     4
       Summon Ice Beast  |       |       |     2 ||     2
  Use: Scroll            |       |       |    13 ||    13
 Stab: Sleeping          |       |     5 |     2 ||     7
       Invisible         |       |     1 |       ||     1
       Distracted        |       |       |     1 ||     1
       Petrifying        |       |       |     1 ||     1
       Petrified         |       |       |     1 ||     1
       Paralysed         |       |       |     1 ||     1
Armor: Robe              |     8 |    48 |    25 ||    81
Dodge: Dodged            |    30 |   119 |   117 ||   266
